 Dungeon Crawl Stone Soup version 0.20.1-1-g8b1a95d (webtiles) character file.

284 mickon2017 the Chopper (level 6, -3/47 HPs)
             Began as a Hill Orc Fighter on Aug 17, 2017.
             Was an Initiate of Hepliaklqana.
             Killed from afar by an orc wizard (7 damage)
             ... with a magic dart
             ... on level 4 of the Dungeon on Aug 29, 2017.
             The game lasted 00:37:00 (2764 turns).

mickon2017 the Chopper (Hill Orc Fighter)           Turns: 2764, Time: 00:37:03

Health: -3/47      AC:  9    Str: 19    XL:     6   Next: 29%
Magic:  6/6        EV:  6    Int:  8    God:    Hepliaklqana [......]
Gold:   112        SH: 14    Dex: 12    Spells: 5/5 levels left

rFire    . . .     SeeInvis .   a - +0 war axe
rCold    . . .     Gourm    .   s - +0 large shield
rNeg     + . .     Faith    .   b - +0 scale mail
rPois    .         Spirit   .   v - +0 helmet
rElec    .         Reflect  .   (no cloak)
rCorr    .         Harm     .   u - +0 pair of gloves
MR       .....                  (no boots)
Stlth    ..........             (no amulet)
Regen    0.2/turn               q - ring of positive energy
MPRegen  0.1/turn               (no ring)

@: lethally poisoned (-3 -> -6)
A: reduced essence
a: Recall Ancestor, Ancestor Identity, Renounce Religion


You were on level 4 of the Dungeon.
You worshipped Hepliaklqana.
Hepliaklqana was noncommittal.
You were not hungry.

You visited 1 branch of the dungeon, and saw 4 of its levels.

You collected 112 gold pieces.

Inventory:

Hand Weapons
 a - a +0 war axe (weapon)
Missiles
 p - 78 stones
 r - a javelin (quivered)
 x - 43 bolts
Armour
 b - a +0 scale mail (worn)
 s - a +0 large shield (worn)
 u - a +0 pair of gloves (worn)
 v - a +0 helmet (worn)
Jewellery
 q - a ring of positive energy (left hand)
Scrolls
 e - a scroll of identify
 g - a scroll of recharging {unknown}
 i - 2 scrolls of remove curse
 j - 2 scrolls of noise {unknown}
 k - a scroll of fog {unknown}
 m - a scroll of teleportation {unknown}
 n - a scroll of enchant weapon {unknown}
 w - a scroll of blinking {unknown}
 y - a scroll of amnesia {unknown}
Potions
 d - a potion of might
 l - a potion of lignification
 A - a potion of curing {unknown}
Comestibles
 c - a royal jelly
 f - a bread ration
 h - 2 meat rations
 o - 9 fruits
 z - 3 chunks of flesh


   Skills:
 + Level 4.6 Fighting
 + Level 5.2 Axes
 + Level 0.5 Throwing
 + Level 4.1 Armour
 + Level 1.0 Dodging
 + Level 0.1 Stealth
 + Level 4.7 Shields


You had 5 spell levels left.
You didn't know any spells.

Dungeon Overview and Level Annotations

Branches:
Dungeon (4/15)
 Temple: D:4-7

Altars:
Hepliaklqana
Uskayaw

Shops:
D:4 (


Message History

The orc wizard is lightly wounded.
The orc wizard barely misses you.
Ricarda hits the orc wizard.
You barely miss the orc wizard.
The orc wizard is moderately wounded.
You block the orc wizard's attack.
Ricarda hits the orc wizard.
The orc wizard hits you but does no damage.
You are poisoned.
Ricarda barely misses the orc wizard.
The orc wizard mumbles some strange words.
The orc wizard blinks!
Throwing (i - inventory. (,) - cycle):
r - 2 javelins (quivered)
Press: ? - help, Shift-Dir - straight line, f - orc wizard
Aim: an orc wizard, wielding a dagger of venom and wearing a robe (moderately wounded, fast)
You throw a javelin. The javelin hits the orc wizard.
The orc wizard is severely wounded.
* * * LOW HITPOINT WARNING * * *
You feel sick.
The orc wizard gestures at you while chanting.
The magic dart hits you!
You die...

......o... ....o....
####.#...... ########...††.#
.........##(### .........##.#
########### .........##.#
#.........#
####.###.##)#####.........#
...........)@...#.........#
####.###...R....#.........#
#.. #........#.........#
#.##........#.........#
#..####.#####.........#
#.....o..............#
#.....(#####.........#
##########...................#
#..)......<....#####.#.#######


You could see the friendly Ricarda the ancestor and an orc wizard.

Vanquished Creatures
  A bullfrog (D:4)
  An orc priest (D:4)
  4 adders
  An adder skeleton (D:4)
  3 worms (D:3)
  A dart slug (D:1)
  A leopard gecko (D:3)
  3 orcs
  2 ball pythons
  2 giant cockroaches
  10 goblins
  5 hobgoblins
  2 jackals (D:1)
  5 kobolds
  A quokka (D:2)
  4 bats
  A frilled lizard (D:3)
  9 rats
56 creatures vanquished.

Vanquished Creatures (collateral kills)
  A hound (D:4)
  An orc wizard (D:4)
  A worker ant (D:4)
  2 orcs (D:4)
  A hobgoblin (D:3)
  A kobold (D:3)
7 creatures vanquished.

Grand Total: 63 creatures vanquished

Notes
Turn   | Place    | Note
-------+----------+-------------------------------------------
     0 | D:1      | mickon2017 the Hill Orc Fighter began the quest for the Orb.
     0 | D:1      | Reached XP level 1. HP: 19/19 MP: 1/1
   102 | D:1      | Reached XP level 2. HP: 26/27 MP: 2/2
   435 | D:1      | Reached skill level 3 in Axes
   780 | D:2      | Reached XP level 3. HP: 33/33 MP: 3/3
  1220 | D:2      | Reached XP level 4. HP: 40/40 MP: 4/4
  1506 | D:3      | Noticed a dagger
  1506 | D:3      | Noticed a dagger
  1507 | D:3      | Found a hide-covered altar of Uskayaw.
  1877 | D:3      | Found a faded altar of an unknown god.
  1935 | D:3      | Reached skill level 4 in Axes
  1995 | D:3      | Found a hazy altar of Hepliaklqana.
  2028 | D:3      | Became a worshipper of Hepliaklqana the Forgotten
  2452 | D:4      | Reached XP level 5. HP: 30/41 MP: 5/5
  2729 | D:4      | Found Wogeghec's Antique Weapon Shop.
  2733 | D:4      | Reached skill level 5 in Axes
  2733 | D:4      | Reached skill level 1 in Dodging
  2734 | D:4      | Reached XP level 6. HP: 46/47 MP: 6/6
  2764 | D:4      | Killed from afar by an orc wizard

Skill      XL: |  1  2  3  4  5 |
---------------+----------------+-----
Axes           | 3 4 5 |  5.2
Fighting       | 4 |  4.6
Shields        | 4 |  4.7
Armour         | 4 |  4.1
Dodging        | 1 |  1.0
Throwing       | |  0.5
Stealth        | |  0.1

Action                   |  1- 3 |  4- 6 || total
-------------------------+-------+-------++-------
Melee: War axe           |    94 |    91 ||   185
Throw: Stone             |     3 |       ||     3
       Javelin           |       |    17 ||    17
Invok: Ancestor Identity |       |     1 ||     1
  Use: Scroll            |     2 |     3 ||     5
       Potion            |       |     1 ||     1
  Eat: Chunk             |     1 |     5 ||     6
Armor: Scale mail        |    37 |    28 ||    65
Dodge: Dodged            |    24 |    11 ||    35
Block: Shield            |    55 |       ||    55
       Large shield      |       |    60 ||    60
